 Dungeon Crawl Stone Soup version 0.30-a0-859-gf88a04b62d (webtiles) character file.

Game seed: 12917709645794664154

283 Pimp the Covered (level 6, 0/55 HPs)
             Began as an Armataur Fighter on Mar 6, 2023.
             Killed from afar by a dart slug (3 damage)
             ... with a slug dart
             ... on level 4 of the Dungeon.
             The game lasted 00:06:05 (3076 turns).

Pimp the Covered (Armataur Fighter)                 Turns: 3076, Time: 00:06:05

Health: 0/55       AC:  9    Str: 23    XL:     6   Next: 7%
Magic:  6/6        EV:  7    Int:  8    God:
Gold:   237        SH:  5    Dex: 13    Spells: 5/5 levels left

rFire   . . .      SeeInvis .    l - +3 spear "Tyihopt" {venom, *Slow rPois Dex+3}
rCold   . . .      Faith    .    c - +0 buckler
rNeg    . . .      Spirit   .    b - +0 scale mail
rPois   +          Reflect  .    t - +0 helmet
rElec   .          Roll     +    (no cloak)
rCorr   .                        r - +0 pair of gloves
Will    .....                    (no barding) Stlth
                                 (no amulet)
HPRegen 0.29/turn                (no ring)
MPRegen 0.10/turn                (no ring)

@: no status effects
A: large, rugged brown scales 3, deformed body, armoured tail, roll, long
tongue, awkward tongue
a: no special abilities


You were on level 4 of the Dungeon.
You visited 1 branch of the dungeon, and saw 4 of its levels.

You collected 237 gold pieces.

Inventory:

Hand Weapons
 a - a +0 war axe
 l - the +3 spear "Tyihopt" (weapon) {venom, *Slow rPois Dex+3}
   (You found it on level 2 of the Dungeon)

   Dex:       It affects your dexterity (+3).
   rPois:     It protects you from poison.
   *Slow:     It may slow you when you take damage.
Missiles
 p - a throwing net (quivered)
Armour
 b - a +0 scale mail (worn)
 c - a +0 buckler (worn)
 r - a +0 pair of gloves (worn)
 t - a +0 helmet (worn)
Jewellery
 i - a ring of protection from fire
Wands
 q - a wand of mindburst (20)
Scrolls
 h - 2 scrolls of teleportation
 k - 2 scrolls of blinking
 m - 2 scrolls of torment
 n - 2 scrolls of noise
 s - a scroll of identify
 u - a scroll of amnesia {unknown}
Potions
 d - a potion of might
 e - a potion of mutation {unknown}
 f - a potion of resistance {unknown}
 g - a potion of curing
 j - 2 potions of magic {unknown}
 o - 3 potions of flight {unknown}


   Skills:
 + Level 3.8 Fighting
 + Level 2.9 Axes
 + Level 5.1 Armour
 + Level 4.6 Shields


You had 5 spell levels left.
You didn't know any spells.
Your spell library contained the following spells:

 Spells                   Type           Power      Damage    Failure   Level
 Cigotuvi's Dreadful Rot  Necr/Pois/Air  0%         N/A       88%         2
 Poisonous Vapours        Pois/Air       0%         N/A       88%         2
 Mephitic Cloud           Conj/Pois/Air  0%         N/A       98%         3


Dungeon Overview and Level Annotations

Branches:
Dungeon (4/15)
 Temple: D:4-7

Altars:
Dithmenos
Elyvilon
Fedhas
Uskayaw


Innate Abilities, Weirdness & Mutations

You are completely covered in rugged brown scales. (AC +3, +7% HP)
Armour fits poorly on your strangely shaped body.
You have a long armoured tail.
You roll when moving toward enemies. (Rampage)
Your long tongue fully drains potion bottles. (2x potion effects)
Your tongue gives you trouble enunciating. (1.5x scroll delay)


Message History

You puncture the bullfrog!
You kill the bullfrog!
Your Armour skill increases to level 5!
You have reached level 6!
You hit the orc but do no damage. You block the orc's attack.
You closely miss the orc. The orc barely misses you.
You closely miss the orc. You tail-slap the orc.
The orc is heavily wounded.
The orc hits you with a +0 flail!
* * * LOW HITPOINT WARNING * * *
You hit the orc but do no damage.
The orc is poisoned.
The orc is heavily wounded.
The orc hits you with a +0 flail.
* * * LOW HITPOINT WARNING * * *
You kill the orc!
The dart slug launches a dart at you.
The slug dart hits you but does no damage.
A hound comes into view.
Found 4 stones.
The hound attacks as you move away! The hound bites you.
* * * LOW HITPOINT WARNING * * *
The hound attacks as you move away! You block the hound's attack.
The hound bites you.
* * * LOW HITPOINT WARNING * * *
You closely miss the hound. You block the hound's attack.
You hit the hound.
The hound is poisoned.
The hound is moderately wounded.
The hound bites you but does no damage. The hound bites you.
* * * LOW HITPOINT WARNING * * *
You closely miss the hound.
The hound is moderately wounded.
The hound bites you but does no damage. You block the hound's attack.
You completely miss the hound.
Your tail-slap misses the hound.
The hound is heavily wounded.
The hound bites you but does no damage. The hound bites you.
* * * LOW HITPOINT WARNING * * *
The dart slug launches a dart at you. The slug dart hits you.
You die...

.......##.....# .# ......#.#.
..........###....# .............
...###..†........###............#
.. #...........................#
#.###..............#.......###...
.........................## ##..
........................ #..
.................(...... #..
................@.....#.########.
................h............###.
......>..........#.#..#.......<..
.)....####..##.###.##.#..........
..)...####..##w# ..##............
.......)w....#.#..# #...........
......######.....# #...........
.....## #...#### #...........
.....# #...# #..........#


You could see a hound (very poisoned) and a dart slug.

Vanquished Creatures
  A bullfrog (D:4)
  An orc priest (D:3)
  An iguana (D:4)
  An orc wizard (D:4)
  4 gnolls
  4 adders
  An ufetubus (D:4)
  A worm (D:3)
  6 orcs
  7 endoplasms
  2 goblins
  4 hobgoblins
  2 quokkas
  5 ball pythons
  3 frilled lizards
  3 kobolds
  4 rats
50 creatures vanquished.

Notes
Turn   | Place    | Note
-------+----------+-------------------------------------------
     0 | D:1      | Pimp the Armataur Fighter began the quest for the Orb.
     0 | D:1      | Reached XP level 1. HP: 19/19 MP: 1/1
   306 | D:1      | Reached XP level 2. HP: 25/26 MP: 2/2
   679 | D:1      | Found a faded altar of an unknown god.
   840 | D:2      | Identified the +3 spear "Tyihopt" {venom, *Slow rPois
                  | Dex+3}
  1431 | D:2      | Reached skill level 4 in Armour
  1431 | D:2      | Reached XP level 3. HP: 33/33 MP: 3/3
  1613 | D:3      | Found a blossoming altar of Fedhas.
  1646 | D:3      | Found a white marble altar of Elyvilon.
  1736 | D:3      | Reached XP level 4. HP: 32/40 MP: 4/4
  1889 | D:3      | Found a hide-covered altar of Uskayaw.
  2213 | D:3      | Found a shadowy altar of Dithmenos.
  2832 | D:4      | Reached XP level 5. HP: 48/48 MP: 5/5
  3049 | D:4      | HP: 2/49 [bullfrog (6)]
  3056 | D:4      | Reached skill level 5 in Armour
  3056 | D:4      | Reached XP level 6. HP: 16/55 MP: 6/6
  3076 | D:4      | Killed from afar by a dart slug

Illustrated notes

Levels and vault maps discovered:
D:1:      sevenhm_arrival_forest_fort_large_2, layout_basic,
          shapermc_ecumenical_altar_hornbeckon, nrook_campfire
D:2:      layout_loops_corners
D:3:      layout_basic, amcnicky_altar_gilded,
          mainiacjoe_overflow_small_starburst, elyvilon_altar_5,
          nicolae_uskayaw_suspiria, bh_walls_and_bars
D:4:      layout_rooms

Skill      XL: |  1  2  3  4  5 |
---------------+----------------+-----
Fighting       | 3 |  3.8
Axes           | 2 |  2.9
Armour         | 4 5 |  5.1
Shields        | 4 |  4.6

Action                     |  1- 3 |  4- 6 || total
---------------------------+-------+-------++-------
  Melee: War axe           |    35 |       ||    35
         Tailslap          |     8 |    12 ||    20
         Spear             |    36 |    68 ||   104
    Use: Scroll            |     5 |       ||     5
         Potion            |       |     5 ||     5
 Armour: Scale mail        |    37 |    48 ||    85
  Dodge: Dodged            |    25 |    25 ||    50
  Block: Buckler           |    12 |    20 ||    32

Table legend: (Time is in decaauts)
 A = Elapsed time spent in this place.
 B = Non-inter-level travel time spent in this place.
 C = Inter-level travel time spent in this place.
 D = Time resting spent in this place.
 E = Time spent auto-exploring this place.
 F = Levels seen in this place.
 G = Mean time per level.
                   A        B        C        D        E       F      G
               +--------+--------+--------+--------+--------+-----+--------+
         Total |   3111 |   2864 |    247 |    265 |   2147 |   4 |  777.8 |
       Dungeon |   3111 |   2864 |    247 |    265 |   2147 |   4 |  777.8 |
               +--------+--------+--------+--------+--------+-----+--------+

Top non-repeatable levels by time:
     D:3: 1193 daAuts
     D:1: 842 daAuts
     D:2: 812 daAuts
     D:4: 262 daAuts
